 Dungeon Crawl Stone Soup version 0.26-b1-32-g5d43845318 (webtiles) character file.

Game seed: 762057764838077542

111 Aviak the Chiller (level 4, -1/37 HPs)
             Began as a Gnoll Ice Elementalist on Jan 9, 2021.
             Slain by Natasha (2 damage)
             ... on level 2 of the Dungeon.
             The game lasted 00:02:12 (1239 turns).

Aviak the Chiller (Gnoll Ice Elementalist)          Turns: 1239, Time: 00:02:12

Health: -1/37      AC:  0    Str: 11    XL:     4   Next: 92%
Magic:  2/12       EV: 16    Int: 18    God:
Gold:   47         SH:  0    Dex: 15    Spells: 8/15 levels left

rFire    + . .     SeeInvis .   d - +0 short sword
rCold    + . .     Faith    .   (no shield)
rNeg     . . .     Spirit   .   a - +0 robe
rPois    +         Reflect  .   (no helmet)
rElec    +         Harm     .   b - +0 cloak
rCorr    +         Rampage  .   (no gloves)
Will     .....                  (no boots)
Stlth    ++........             (no amulet)
HPRegen  0.12/turn              f - ring of attention (curse)
MPRegen  0.13/turn              A - -4 ring of protection (curse)

@: resistant, hasted, very quick
A: distributed training, fangs 1, blurry vision 1, mutation resistance 1, strong
nose
a: no special abilities


You were on level 2 of the Dungeon.
You visited 1 branch of the dungeon, and saw 2 of its levels.

You collected 47 gold pieces.

Inventory:

Hand Weapons
 d - a +0 short sword (weapon)
Armour
 a - a +0 robe (worn)
 b - a +0 cloak (worn)
Jewellery
 f - a cursed ring of attention (left hand)
 A - a cursed -4 ring of protection (right hand)
Scrolls
 i - a scroll of identify
 x - 2 scrolls of blinking
Potions
 e - a potion of brilliance
 j - a potion of experience


   Skills:
 + Level 3.7 Fighting
 + Level 3.7 Short Blades
 + Level 3.7 Long Blades
 + Level 3.7 Axes
 + Level 3.7 Maces & Flails
 + Level 3.7 Polearms
 + Level 3.7 Staves
 + Level 3.7 Slings
 + Level 3.7 Bows
 + Level 3.7 Crossbows
 + Level 3.7 Throwing
 + Level 3.7 Armour
 + Level 6.0 Dodging
 + Level 5.6 Stealth
 + Level 3.7 Shields
 + Level 3.7 Unarmed Combat
 + Level 6.3 Spellcasting
 + Level 3.0 Conjurations
 + Level 3.0 Hexes
 + Level 3.0 Summonings
 + Level 3.0 Necromancy
 + Level 3.0 Translocations
 + Level 3.0 Transmutations
 + Level 3.0 Fire Magic
 + Level 7.8 Ice Magic
 + Level 3.0 Air Magic
 + Level 3.0 Earth Magic
 + Level 3.0 Poison Magic
 + Level 4.1 Invocations
 + Level 3.7 Evocations


You had 8 spell levels left.
You knew the following spells:

 Your Spells              Type           Power        Failure   Level
a - Freeze                Ice            100%         1%          1
b - Frozen Ramparts       Ice            66%          1%          3
c - Ozocubu's Armour      Ice            33%          1%          3

Your spell library contained the following spells:

 Spells                   Type           Power        Failure   Level
 Hailstorm                Conj/Ice       25%          12%         4
 Summon Ice Beast         Ice/Summ       25%          12%         4


Dungeon Overview and Level Annotations

Branches:
Dungeon (2/15)

Altars:

Annotations:
D:2 Natasha


Innate Abilities, Weirdness & Mutations

Your experience applies equally to all skills.
You have very sharp teeth.
Your uncanny sense of smell can sniff out nearby items.
Scrolls take you a little longer to read.
You are somewhat resistant to further mutation.


Message History

Your Fire Magic skill gained 3 levels and is now at level 3!
Your Air Magic skill gained 3 levels and is now at level 3!
Your Earth Magic skill gained 3 levels and is now at level 3!
Your Poison Magic skill gained 3 levels and is now at level 3!
Your Invocations skill gained 3 levels and is now at level 4!
Your Evocations skill gained 2 levels and is now at level 3!
You have reached level 4!
You feel stronger. Natasha closely misses you.
It was a potion of resistance.
You feel protected. Natasha barely misses you.
It was a potion of mutation.
You feel extremely strange.
You feel genetically stable.
Your vision blurs.
Natasha casts a spell.
It was a potion of haste.
You feel yourself speed up.
Natasha wildly gestures.
Natasha's front paws start to glow.
Natasha claws you.
You die...

.....# #.#
#..#.# #.#
#w.#.#### #.#
#...5...# #.#
# #....##.#
#.#
#b##....##.#
#.#
.......ยง##.#
#.#
........##.##
#@#
#..###.(#(#.##
#h#
#.)h###.###5#
#$.## ##....#
โˆ† #.#.
#.##### #5 #
#.## #. ...
โˆ† #......
..#.... โˆ†


You could see Natasha and a white imp (summoned).

Vanquished Creatures
  A worm (D:2)
  A dart slug (D:1)
  A leopard gecko (D:1)
  8 bats (D:1)
  4 giant cockroaches (D:1)
  3 goblins
  A hobgoblin (D:1)
  10 jackals
  2 quokkas (D:2)
  A ball python (D:1)
  4 frilled lizards (D:1)
  4 kobolds
  3 rats (D:1)
43 creatures vanquished.

Notes
Turn   | Place    | Note
-------+----------+-------------------------------------------
     0 | D:1      | Aviak the Gnoll Ice Elementalist began the quest for the
                  | Orb.
     0 | D:1      | Reached XP level 1. HP: 13/13 MP: 6/6
   120 | D:1      | Reached XP level 2. HP: 18/19 MP: 4/7
   445 | D:1      | Reached XP level 3. HP: 22/25 MP: 3/9
   449 | D:1      | Learned a level 3 spell: Frozen Ramparts
   453 | D:1      | Learned a level 3 spell: Ozocubu's Armour
   538 | D:1      | Reached skill level 5 in Spellcasting
  1079 | D:1      | Reached skill level 1 in Invocations
  1210 | D:2      | Reached skill level 1 in Fighting
  1210 | D:2      | Reached skill level 1 in Short Blades
  1210 | D:2      | Reached skill level 1 in Long Blades
  1210 | D:2      | Reached skill level 1 in Axes
  1210 | D:2      | Reached skill level 1 in Maces & Flails
  1210 | D:2      | Reached skill level 1 in Polearms
  1210 | D:2      | Reached skill level 1 in Staves
  1210 | D:2      | Reached skill level 1 in Slings
  1210 | D:2      | Reached skill level 1 in Bows
  1210 | D:2      | Reached skill level 1 in Crossbows
  1210 | D:2      | Reached skill level 1 in Throwing
  1210 | D:2      | Reached skill level 1 in Armour
  1210 | D:2      | Reached skill level 1 in Shields
  1210 | D:2      | Reached skill level 1 in Unarmed Combat
  1210 | D:2      | Reached skill level 1 in Evocations
  1213 | D:2      | Noticed Natasha
  1235 | D:2      | HP: 1/26 [Natasha (7)]
  1236 | D:2      | Reached skill level 5 in Stealth
  1236 | D:2      | Reached XP level 4. HP: 1/37 MP: 2/12
  1238 | D:2      | Gained mutation: You are somewhat resistant to further
                  | mutation. [potion of mutation]
  1238 | D:2      | Gained mutation: Scrolls take you a little longer to read.
                  | [potion of mutation]
  1239 | D:2      | Slain by Natasha

Illustrated notes

Levels and vault maps discovered:
D:1:      tarquinn_simple_flora_water_d, layout_loops_corners
D:2:      layout_loops_ring, corexii_leaking_fountain, uniq_natasha

Skill      XL: |  1  2  3 |
---------------+----------+-----
Spellcasting   | 6 |  6.3
Invocations    | 4 |  4.1
Fighting       | 3 |  3.7
Short Blades   | 3 |  3.7
Long Blades    | 3 |  3.7
Axes           | 3 |  3.7
Maces & Flails | 3 |  3.7
Polearms       | 3 |  3.7
Staves         | 3 |  3.7
Slings         | 3 |  3.7
Bows           | 3 |  3.7
Crossbows      | 3 |  3.7
Throwing       | 3 |  3.7
Armour         | 3 |  3.7
Shields        | 3 |  3.7
Unarmed Combat | 3 |  3.7
Evocations     | 3 |  3.7
Dodging        | 6 |  6.0
Stealth        | 5 |  5.6
Conjurations   | 3 |  3.0
Hexes          | 3 |  3.0
Summonings     | 3 |  3.0
Necromancy     | 3 |  3.0
Translocations | 3 |  3.0
Transmutations | 3 |  3.0
Fire Magic     | 3 |  3.0
Air Magic      | 3 |  3.0
Earth Magic    | 3 |  3.0
Poison Magic   | 3 |  3.0
Ice Magic      | |  7.8

Action                   |  1- 3 |  4- 6 || total
-------------------------+-------+-------++-------
Melee: Unarmed           |     4 |       ||     4
       Bite              |    13 |       ||    13
       Short sword       |    58 |       ||    58
 Cast: Freeze            |    34 |       ||    34
       Frozen Ramparts   |     1 |       ||     1
  Use: Scroll            |     2 |       ||     2
       Potion            |     1 |     3 ||     4
 Stab: Sleeping          |     2 |       ||     2
Armor: Robe              |    17 |       ||    17
Dodge: Dodged            |    95 |     2 ||    97
